3AAA
SUNSET DISTRICT FOG @ FLORIDA MEN
09/15/2032
 
TOP OF THE 1ST
Sunset District Fog batting - Pitching for Florida Men : RHP Arturo Guerrero
Pitching: RHP Arturo Guerrero
Batting: LHB Rodrigo Rodríguez 0-0: Ball
1-0: Foul Ball, location: 2F
1-1: Swinging Strike
1-2: Ball
2-2: Fly out, F7 (Flyball, 7S)
Batting: RHB Chad Shafer 0-0: Ball
1-0: Swinging Strike
1-1: DOUBLE (Line Drive, 9LM) - OUT at third base trying to stretch hit.
Batting: LHB Ieyoshi Samurakami 0-0: Called Strike
0-1: Swinging Strike
0-2: Ball
1-2: Ball
2-2: Fly out, F6 (Line Drive, 6M)
Top of the 1st over - 0 runs, 1 hit, 0 errors, 0 left on base; Sunset District 0 - Florida 0
BOTTOM OF THE 1ST
Florida Men batting - Pitching for Sunset District Fog : RHP Mark Roddam
Pitching: RHP Mark Roddam
Batting: RHB Manny Maltby 0-0: Called Strike
0-1: Ball
1-1: Ball
2-1: Ball
3-1: Base on Balls
Batting: SHB Tim Fowler 0-0: Called Strike
0-1: Ball
1-1: Ball
2-1: Ball
3-1: Base on Balls
Manny Maltby to second
Batting: RHB Vojtech Farkas 0-0: Ball
1-0: Foul Ball, location: 2F
1-1: Called Strike
1-2: Foul Ball, location: 2F
1-2: Foul Ball, location: 2F
1-2: Strikes out looking
Batting: RHB Jorge Díaz 0-0: Called Strike
0-1: Called Strike
0-2: Ball
1-2: Fielders Choice at 2nd, 5-4 (Groundball, 56)
Manny Maltby to third
Batting: LHB Alfred Miles 0-0: Ball
1-0: Foul Ball, location: 2F
1-1: Foul Ball, location: 2F
1-2: Ball
2-2: Ball
Jorge Díaz is caught stealing 2nd base
Bottom of the 1st over - 0 runs, 0 hits, 0 errors, 1 left on base; Sunset District 0 - Florida 0
TOP OF THE 2ND
Sunset District Fog batting - Pitching for Florida Men : RHP Arturo Guerrero
Batting: RHB Armando Rodríguez 0-0: Called Strike
0-1: Ball
1-1: Ball
2-1: Swinging Strike
2-2: Fly out, F3 (Popup, 3S)
Batting: LHB Arnold England 0-0: Ball
1-0: Ball
2-0: Fly out, F8 (Line Drive, 8RM)
Batting: SHB Charles Weber 0-0: Foul Ball, location: 2F
0-1: Ball
1-1: Ball
2-1: SINGLE (Line Drive, 6D)
Batting: LHB Armando Carmona 0-0: Called Strike
0-1: Swinging Strike
0-2: Ball
1-2: Strikes out swinging
Top of the 2nd over - 0 runs, 1 hit, 0 errors, 1 left on base; Sunset District 0 - Florida 0
BOTTOM OF THE 2ND
Florida Men batting - Pitching for Sunset District Fog : RHP Mark Roddam
Batting: LHB Alfred Miles 0-0: Swinging Strike
0-1: Foul Ball, location: 2F
0-2: Foul Ball, location: 2F
0-2: Ground out 4-3 (Groundball, 4D)
Batting: RHB Ricardo Cardenas 0-0: Foul Ball, location: 2F
0-1: Called Strike
0-2: Fly out, F2 (Popup, 25F)
Batting: LHB Iemitsu Hatsutori 0-0: Ball
1-0: Swinging Strike
1-1: Foul Ball, location: 2F
1-2: Ball
2-2: Ball
3-2: Foul Ball, location: 2F
3-2: Foul Ball, location: 2F
3-2: Foul Ball, location: 2F
3-2: Fly out, F7 (Flyball, 7)
Bottom of the 2nd over - 0 runs, 0 hits, 0 errors, 0 left on base; Sunset District 0 - Florida 0
TOP OF THE 3RD
Sunset District Fog batting - Pitching for Florida Men : RHP Arturo Guerrero
Batting: RHB Randy Contreras 0-0: Foul Ball, location: 2F
0-1: Foul Ball, location: 2F
0-2: Foul Ball, location: 2F
0-2: Ball
1-2: Fly out, F9 (Flyball, 89M)
Batting: SHB Esteban Lugo 0-0: Ball
1-0: Called Strike
1-1: Swinging Strike
1-2: Strikes out swinging
Batting: LHB Rodrigo Rodríguez 0-0: Called Strike
0-1: Called Strike
0-2: Foul Ball, location: 2F
0-2: Ball
1-2: Foul Ball, location: 2F
1-2: Ball
2-2: Foul Ball, location: 2F
2-2: Ball
3-2: Foul Ball, location: 2F
3-2: Strikes out looking
Top of the 3rd over - 0 runs, 0 hits, 0 errors, 0 left on base; Sunset District 0 - Florida 0
BOTTOM OF THE 3RD
Florida Men batting - Pitching for Sunset District Fog : RHP Mark Roddam
Batting: RHB Juan Tapia 0-0: SINGLE (Flyball, 89S)
Batting: LHB Bastyão Lizardo 0-0: SINGLE (Groundball, 6D)
Juan Tapia to second
Batting: RHB Manny Maltby 0-0: Called Strike
0-1: Ball
1-1: Ball
2-1: Ball
3-1: Base on Balls
Juan Tapia to third
Bastyão Lizardo to second
Batting: SHB Tim Fowler 0-0: Swinging Strike
0-1: Swinging Strike
0-2: Foul Ball, location: 2F
0-2: Ball
1-2: Strikes out swinging
Batting: RHB Vojtech Farkas 0-0: Ball
1-0: Swinging Strike
1-1: Swinging Strike
1-2: Strikes out swinging
Batting: RHB Jorge Díaz 0-0: Ball
1-0: Foul Ball, location: 2F
1-1: SINGLE (Line Drive, 7S)
Juan Tapia scores
Bastyão Lizardo to third
Manny Maltby to second
Batting: LHB Alfred Miles 0-0: Ball
1-0: Ball
2-0: Ball
3-0: Base on Balls
Bastyão Lizardo scores
Manny Maltby to third
Jorge Díaz to second
Batting: RHB Ricardo Cardenas 0-0: Ball
1-0: Ball
2-0: Called Strike
2-1: Called Strike
2-2: Ball
3-2: Base on Balls
Manny Maltby scores
Jorge Díaz to third
Alfred Miles to second
Batting: LHB Iemitsu Hatsutori 0-0: Foul Ball, location: 2F
0-1: Ground out U3 (Groundball, 3)
Bottom of the 3rd over - 3 runs, 3 hits, 0 errors, 3 left on base; Sunset District 0 - Florida 3
TOP OF THE 4TH
Sunset District Fog batting - Pitching for Florida Men : RHP Arturo Guerrero
Batting: RHB Chad Shafer 0-0: Swinging Strike
0-1: Foul Ball, location: 2F
0-2: Foul Ball, location: 2F
0-2: Ball
1-2: Strikes out swinging
Batting: LHB Ieyoshi Samurakami 0-0: Called Strike
0-1: Ball
1-1: Swinging Strike
1-2: Foul Ball, location: 2F
1-2: Strikes out swinging
Batting: RHB Armando Rodríguez 0-0: Called Strike
0-1: Ball
1-1: Swinging Strike
1-2: Strikes out looking
Top of the 4th over - 0 runs, 0 hits, 0 errors, 0 left on base; Sunset District 0 - Florida 3
BOTTOM OF THE 4TH
Florida Men batting - Pitching for Sunset District Fog : RHP Mark Roddam
Batting: RHB Juan Tapia 0-0: Ground out 6-3 (Groundball, 6)
Batting: LHB Bastyão Lizardo 0-0: Called Strike
0-1: Ball
1-1: Ball
2-1: Ground out 4-3 (Groundball, 4)
Batting: RHB Manny Maltby 0-0: Called Strike
0-1: Called Strike
0-2: Ground out 5-3 (Groundball, 56S)
Bottom of the 4th over - 0 runs, 0 hits, 0 errors, 0 left on base; Sunset District 0 - Florida 3
TOP OF THE 5TH
Sunset District Fog batting - Pitching for Florida Men : RHP Arturo Guerrero
Batting: LHB Arnold England 0-0: Ball
1-0: Called Strike
1-1: Swinging Strike
1-2: Strikes out swinging
Batting: SHB Charles Weber 0-0: Ball
1-0: Ball
2-0: Foul Ball, location: 2F
2-1: Fly out, F7 (Flyball, 7LDF)
Batting: LHB Armando Carmona 0-0: Called Strike
0-1: Called Strike
0-2: Foul Ball, location: 2F
0-2: Ball
1-2: Fly out, F7 (Flyball, 78M)
Top of the 5th over - 0 runs, 0 hits, 0 errors, 0 left on base; Sunset District 0 - Florida 3
BOTTOM OF THE 5TH
Florida Men batting - Pitching for Sunset District Fog : RHP Mark Roddam
Batting: SHB Tim Fowler 0-0: Ball
1-0: Called Strike
1-1: Ball
2-1: Foul Ball, location: 2F
2-2: Ball
3-2: Ground out 1-3 (Groundball, P)
Batting: RHB Vojtech Farkas 0-0: Foul Ball, location: 2F
0-1: Ball
1-1: Ball
2-1: Foul Ball, location: 2F
2-2: Ball
3-2: Base on Balls
Pitching: RHP Chae-seong Kim
Batting: RHB Jorge Díaz 0-0: Called Strike
0-1: SINGLE (Flyball, 9LS)
Vojtech Farkas to second
Runner from 2nd tries for 3rd, SAFE, no throw
Batting: LHB Alfred Miles 0-0: Foul Ball, location: 2F
0-1: Fly out, F8 (Flyball, 8LD)
Runner from 3rd tags up, SCORES, throw made
Batting: RHB Ricardo Cardenas 0-0: Fielders Choice at 2nd, 6-4 (Groundball, 6)
Bottom of the 5th over - 1 run, 1 hit, 0 errors, 1 left on base; Sunset District 0 - Florida 4
TOP OF THE 6TH
Sunset District Fog batting - Pitching for Florida Men : RHP Arturo Guerrero
Batting: RHB Randy Contreras 0-0: Called Strike
0-1: Swinging Strike
0-2: Strikes out swinging
Batting: SHB Esteban Lugo 0-0: Ball
1-0: Ball
2-0: Ball
3-0: Called Strike
3-1: Swinging Strike
3-2: Base on Balls
Batting: LHB Rodrigo Rodríguez 0-0: Ball
1-0: Ball
2-0: Ball
3-0: Called Strike
3-1: Base on Balls
Esteban Lugo to second
Batting: RHB Chad Shafer 0-0: Called Strike
0-1: Grounds out, U3 (Groundball, 3L)
Esteban Lugo to third
Batting: LHB Ieyoshi Samurakami 0-0: Ball
1-0: Called Strike
1-1: Hit by Pitch
Batting: RHB Armando Rodríguez 0-0: Called Strike
0-1: Ball
1-1: Swinging Strike
1-2: Fly out, F3 (Popup, 3S)
Top of the 6th over - 0 runs, 0 hits, 0 errors, 3 left on base; Sunset District 0 - Florida 4
BOTTOM OF THE 6TH
Florida Men batting - Pitching for Sunset District Fog : RHP Chae-seong Kim
Batting: LHB Iemitsu Hatsutori 0-0: Swinging Strike
0-1: Ground out 6-3 (Groundball, 6)
Batting: RHB Juan Tapia 0-0: Ball
1-0: Swinging Strike
1-1: Ball
2-1: Ground out 5-3 (Groundball, 56)
Batting: LHB Bastyão Lizardo 0-0: Called Strike
0-1: Reached on error, E8 (Flyball, 8LM)
Batting: RHB Manny Maltby 0-0: Ball
1-0: Swinging Strike
1-1: Swinging Strike
1-2: Strikes out swinging
Bottom of the 6th over - 0 runs, 0 hits, 1 error, 1 left on base; Sunset District 0 - Florida 4
TOP OF THE 7TH
Sunset District Fog batting - Pitching for Florida Men : RHP Arturo Guerrero
Batting: LHB Arnold England 0-0: Swinging Strike
0-1: Ball
1-1: Foul Ball, location: 2F
1-2: Foul Ball, location: 2F
1-2: Ball
2-2: Foul Ball, location: 2F
2-2: SINGLE (Groundball, 4D)
Batting: SHB Charles Weber 0-0: Called Strike
0-1: Foul Ball, location: 2F
0-2: Ball
1-2: SINGLE (Groundball, 34D)
Arnold England to second
Runner from 2nd tries for 3rd, SAFE, no throw
Batting: LHB Armando Carmona 0-0: Called Strike
0-1: Ball
1-1: Ball
2-1: Foul Ball, location: 2F
2-2: Foul Ball, location: 2F
2-2: Ball
3-2: Foul Ball, location: 2F
3-2: Base on Balls
Charles Weber to second
Batting: RHB Randy Contreras 0-0: Ball
1-0: Foul Ball, location: 2F
1-1: Foul Ball, location: 2F
1-2: Strikes out swinging
Batting: SHB Esteban Lugo 0-0: Ball
1-0: Foul Ball, location: 2F
1-1: Ball
2-1: Fly out, F3 (Line Drive, 34)
Batting: LHB Rodrigo Rodríguez 0-0: Called Strike
0-1: Foul Ball, location: 2F
0-2: Ball
1-2: Ball
2-2: Ball
3-2: Foul Ball, location: 2F
3-2: SINGLE (Groundball, 3D)
Arnold England scores
Charles Weber to third
Armando Carmona to second
Charles Weber scores
Armando Carmona to third
Pitching: RHP Joshua Long
Batting: RHB Chad Shafer 0-0: Called Strike
0-1: Swinging Strike
0-2: Ball
1-2: Ball
2-2: Ball
3-2: Ground out 5-3 (Groundball, 5L)
Top of the 7th over - 2 runs, 3 hits, 0 errors, 2 left on base; Sunset District 2 - Florida 4
BOTTOM OF THE 7TH
Florida Men batting - Pitching for Sunset District Fog : RHP Chae-seong Kim
Batting: SHB Tim Fowler 0-0: Ball
1-0: Ball
2-0: Swinging Strike
2-1: Ball
3-1: Swinging Strike
3-2: Strikes out swinging
Batting: RHB Vojtech Farkas 0-0: Ball
1-0: Ball
2-0: Called Strike
2-1: Called Strike
2-2: Ground out 4-3 (Groundball, 4S)
Batting: RHB Jorge Díaz 0-0: Ball
1-0: Foul Ball, location: 2F
1-1: Called Strike
1-2: SOLO HOME RUN (Flyball, 7LD), Distance : 342 ft
Batting: LHB Alfred Miles 0-0: Swinging Strike
0-1: Fly out, F8 (Flyball, 8LD)
Bottom of the 7th over - 1 run, 1 hit, 0 errors, 0 left on base; Sunset District 2 - Florida 5
TOP OF THE 8TH
Sunset District Fog batting - Pitching for Florida Men : RHP Joshua Long
Batting: LHB Ieyoshi Samurakami 0-0: Ball
1-0: SINGLE (Flyball, 89M)
Batting: RHB Armando Rodríguez 0-0: Ball
1-0: Fly out, F9 (Flyball, 89S)
Batting: LHB Arnold England 0-0: Called Strike
0-1: Called Strike
0-2: Ball
1-2: Foul Ball, location: 2F
1-2: SINGLE (Groundball, 4) (infield hit)
Ieyoshi Samurakami to second
Batting: SHB Charles Weber 0-0: Ball
1-0: Fielders Choice at 2nd, 1-6 (Groundball, 13)
Ieyoshi Samurakami to third
Batting: LHB Armando Carmona 0-0: Called Strike
0-1: Ball
Error on foul ball, E3
1-2: Foul Ball, location: 2F
1-2: Fly out, F7 (Flyball, 78S)
Top of the 8th over - 0 runs, 2 hits, 1 error, 2 left on base; Sunset District 2 - Florida 5
BOTTOM OF THE 8TH
Florida Men batting - Pitching for Sunset District Fog : RHP Chae-seong Kim
Batting: RHB Ricardo Cardenas 0-0: Reached on error, E5 (Groundball, 56)
Batting: LHB Iemitsu Hatsutori 0-0: Bunted foul
0-1: Ball
1-1: Sac Bunt - play at first, batter OUT! 1-4
Ricardo Cardenas to second
Batting: RHB Juan Tapia 0-0: Called Strike
0-1: Ball
1-1: Ball
2-1: Ball
3-1: Foul Ball, location: 2F
3-2: Strikes out swinging
Batting: LHB Bastyão Lizardo 0-0: Ball
1-0: Fly out, F7 (Flyball, 7D)
Bottom of the 8th over - 0 runs, 0 hits, 1 error, 1 left on base; Sunset District 2 - Florida 5
TOP OF THE 9TH
Sunset District Fog batting - Pitching for Florida Men : RHP Joshua Long
Pitching: LHP Tyler Lund
Batting: RHB Randy Contreras 0-0: Swinging Strike
0-1: Called Strike
0-2: Strikes out swinging
Batting: SHB Esteban Lugo 0-0: Ball
1-0: Ball
2-0: Swinging Strike
2-1: Called Strike
2-2: Fly out, F2 (Popup, 5SF)
Batting: LHB Rodrigo Rodríguez 0-0: Ball
1-0: Called Strike
1-1: Foul Ball, location: 2F
1-2: Strikes out swinging
Top of the 9th over - 0 runs, 0 hits, 0 errors, 0 left on base; Sunset District 2 - Florida 5
Wednesday, September 19th, 2018 - OOTP Baseball 18.8 Build 76